 Dungeon Sprint DCSS version 0.31-a0-536-ga3e2962e35 (webtiles) character file.

Game seed: 8127251101168561337

4 Conn the Firebug (level 1, -5/11 HPs)
             Began as an Octopode Fire Elementalist on Aug 13, 2023.
             Killed by divine providence
             ... invoked by an orc priest
              (14 damage)
             ... in the Dungeon (Sprint IX: "|||||||||||||||||||||||||||||").
             The game lasted 00:03:50 (77 turns).

Conn the Firebug (Octopode Fire Elementalist)         Turns: 77, Time: 00:03:53

Health: -5/11      AC:  1    Str:  7    XL:     1   Next: 70%
Magic:  3/3        EV: 13    Int: 17    God:
Gold:   0          SH:  0    Dex: 12    Spells: 3/4 levels left

rFire   . . .        (no weapon)
rCold   . . .        (no shield)
rNeg    . . .        (helmet restricted)
rPois   .            (no amulet)
rElec   .            (no ring)
rCorr   .            (no ring)
SInv    .            (no ring)
Will    .....        (no ring)
Stlth   +++          (no ring)
HPRegen 0.21/turn    (no ring)
MPRegen 0.08/turn    (no ring)
                     (no ring)

%: no teleportation
@: hasted, very quick
A: almost no armour, amphibious, 8 rings, camouflage 1, gelatinous body 1,
(nimble swimmer 1), tentacles
a: no special abilities


You were in the Dungeon.
You visited 1 branch

Inventory:

Scrolls
 f - a scroll of blinking
Potions
 a - 3 potions of magic
 b - a potion of curing


   Skills:
 + Level 2.1 Dodging
 + Level 2.7 Stealth
 * Level 2.2 Spellcasting
 * Level 1.2 Conjurations
 + Level 4.1 Fire Magic


You had 3 spell levels left.
You knew the following spells:

 Your Spells              Type           Power      Damage    Failure   Level
a - Foxfire               Conj/Fire      44%        2x1d6     6%          1

Your spell library contained the following spells:

 Spells                   Type           Power      Damage    Failure   Level
 Scorch                   Fire           32%        2d6       5%          2
 Inner Flame              Hex/Fire       8%         N/A       24%         3
 Volatile Blastmotes      Fire/Tloc      16%        2d11      24%         3
 Flame Wave               Conj/Fire      11%        2d6       52%         4


Dungeon Overview and Level Annotations

Branches:
Dungeon (1/1)

Altars:


Innate Abilities, Weirdness & Mutations

You cannot wear most types of armour.
You are amphibious.
You can wear up to eight rings at the same time.
Your skin changes colour to match your surroundings (Stealth+).
Your rubbery body absorbs attacks. (AC +1, EV +1)
((You are camouflaged when in or above water. (Stealth+)))
You have tentacles for arms and can constrict up to eight enemies at once.


Message History

Unknown command.
Unknown command.
Casting: Foxfire (safe; 6% risk of failure)
Confirm with . or Enter, or press ? or * to list all spells.
Okay, then.
Unknown command.
Unknown command.
Okay, then.
Unknown command.
Okay, then.
Unknown command.
Unknown command.
Okay, then.
Unknown command.
Unknown command.
Unknown command.
You barely miss the orc priest. You grab the orc priest.
You constrict the orc priest, but do no damage.
The orc priest hits you with a +0 flail.
Ouch! That really hurt!
Unknown command.
You feel much better.
You constrict the orc priest.
You tentacle-slap the orc priest but do no damage.
The orc priest is lightly wounded.
You constrict the orc priest.
The orc priest hits you with a +0 flail.
You completely miss the orc priest.
The orc priest is lightly wounded.
You constrict the orc priest, but do no damage.
The orc priest looks encouraged for a moment.
You tentacle-slap the orc priest.
The orc priest is moderately wounded.
You constrict the orc priest, but do no damage.
You tentacle-slap the orc priest.
The orc priest is heavily wounded.
You constrict the orc priest, but do no damage.
The orc priest invokes the aid of Beogh against you.
Beogh smites you!
Ouch! That really hurt!
You die... ▓▓▓▓▓▓▓▓▓▓▓▓▓▓▓▓▓▓ +..oSSho@...+.v§§▓ ▓▓▓▓▓▓▓▓▓▓▓▓▓▓▓▓▓▓

You could see a black bear, an orc priest, 2 adders and an orc.

Vanquished Creatures
  A giant cockroach (D)
  A quokka (D)
  A frilled lizard (D)
  2 rats (D)
5 creatures vanquished.

Vanquished Creatures (others)
  2 foxfires (D)
2 creatures vanquished.

Grand Total: 7 creatures vanquished

Notes
Turn   | Place    | Note
-------+----------+-------------------------------------------
     0 | D        | Conn the Octopode Fire Elementalist began the quest for the
                  | Orb.
     0 | D        | Reached XP level 1. HP: 11/11 MP: 3/3
    18 | D        | Reached skill level 4 in Fire Magic
    69 | D        | Noticed a black bear
    69 | D        | Noticed an orc priest
    77 | D        | Killed from afar by an orc priest

Illustrated notes

Levels and vault maps discovered:
D:        linesprint [early_d, line_temple, items_1, d_10, items_2, lair_1,
          lair_end, items_3, orc_1, orc_end, items_4, d_15, swamp_1, shoals_1,
          snake_1, spider_1, d_20, vaults_1, items_5, swamp_end, shoals_end,
          snake_end, spider_end, vaults_end, d_27, items_6, zot_1, zot_end,
          crypt_end, forest_end, elf_end, slime_end, tomb_end, abyss_end,
          pan_hell_end]

Skill      XL: |  1 |
---------------+----+-----
Fire Magic     | 4 |  4.1
Dodging        | |  2.1
Stealth        | |  2.7
Spellcasting   | |  2.2
Conjurations   | |  1.2

Action                     || total
---------------------------++-------
  Melee: Unarmed           ||    14
         Constrict         ||     2
         Tentacles         ||     1
   Cast: Foxfire           ||     2
    Use: Potion            ||     3
  Dodge: Dodged            ||     6

Table legend: (Time is in decaauts)
 A = Elapsed time spent in this place.
 B = Non-inter-level travel time spent in this place.
 C = Inter-level travel time spent in this place.
 D = Time resting spent in this place.
 E = Time spent auto-exploring this place.
 F = Levels seen in this place.
 G = Mean time per level.
                   A        B        C        D        E       F      G
               +--------+--------+--------+--------+--------+-----+--------+
         Total |     85 |     85 |      0 |     44 |      0 |   1 |   85.0 |
       Dungeon |     85 |     85 |      0 |     44 |      0 |   1 |   85.0 |
               +--------+--------+--------+--------+--------+-----+--------+

Top non-repeatable levels by time:
       D: 85 daAuts
